 Dungeon Crawl Stone Soup version 0.18-a0-1784-ga939a68 (webtiles) character file.

60 Tarnath the Apprentice (level 3, -4/17 HPs)
             Began as a Spriggan Artificer on Apr 18, 2016.
             Was an Initiate of Pakellas.
             Killed from afar by an orc wizard (10 damage)
             ... with a magic dart
             ... on level 3 of the Dungeon.
             The game lasted 00:04:45 (2234 turns).

Tarnath the Apprentice (Spriggan Artificer)         Turns: 2234, Time: 00:04:46

Health: -4/17      AC:  2    Str:  7    XL:     3   Next: 80%
Magic:  7/8        EV: 19    Int: 13    God:    Pakellas [......]
Gold:   91         SH:  0    Dex: 17    Spells: 0 memorised, 2 levels left

rFire  . . .     SeeInvis +     a - +0 short sword
rCold  . . .     Gourm    .     b - +0 robe
rNeg   . . .     Faith    .     (shield restricted)
rPois  .         Spirit   .     (helmet restricted)
rElec  .         Dismiss  .     (no cloak)
rCorr  +         Reflect  .     (gloves unavailable)
SustAt .         Harm     .     (boots unavailable)
MR     .....                    (no amulet)
Stlth  +++.......               l - ring of wizardry
                                k - ring of resist corrosion

@: very quick, not resistant to hostile enchantments, fairly stealthy
A: unfitting armour, see invisible, herbivore 3, speed 3, slow metabolism 2
a: Renounce Religion


You were on level 3 of the Dungeon.
You worshipped Pakellas.
Pakellas was noncommittal.
You were not hungry.

You visited 1 branch of the dungeon, and saw 3 of its levels.

You collected 91 gold pieces.

Inventory:

Hand Weapons
 a - a +0 short sword (weapon)
Armour
 b - a +0 robe (worn)
Jewellery
 k - a ring of resist corrosion (left hand)
 l - a ring of wizardry (right hand)
Wands
 c - a wand of flame (0/48)
 d - a wand of enslavement (14/24)
 e - a wand of random effects (13/48)
 m - a wand of confusion (9/48)
Potions
 n - a potion of resistance {unknown}
 o - 2 potions of degeneration {unknown}
 p - 2 potions of cure mutation {unknown}
 r - a potion of curing {unknown}
Comestibles
 f - 5 bread rations
 g - a fruit
 h - a slice of pizza
 q - a royal jelly


   Skills:
 - Level 0.7 Fighting
 - Level 1.1 Short Blades
 + Level 3.8 Dodging
 + Level 3.3 Stealth
 * Level 5.3 Evocations


You had 2 spell levels left.
You didn't know any spells.

Dungeon Overview and Level Annotations

Branches:
Dungeon (3/15)

Altars:
Cheibriados
Gozag
Pakellas
Qazlal
The Shining One


Innate Abilities, Weirdness & Mutations

You are tiny and cannot use many weapons and most armour.
You have supernaturally acute eyesight.
You are a herbivore.
You cover ground extremely quickly.
You need consume almost no food.


Message History

Zapping:
c - a wand of flame (2/48)
Press: ? - help, Shift-Dir - straight line, f/p - orc wizard
Aim: an orc wizard, wielding a dagger and wearing a robe (heavily wounded)
The puff of flame hits the orc wizard.
The orc wizard is severely wounded.
This wand has 1 charge left.
Evoke which item? (* to show all) (? for menu, Esc to quit)
Zapping:
c - a wand of flame (1/48)
Press: ? - help, Shift-Dir - straight line, f/p - orc wizard
Aim: an orc wizard, wielding a dagger and wearing a robe (severely wounded)
The puff of flame misses the orc wizard.
This wand has 0 charges left.
Evoke which item? (* to show all) (? for menu, Esc to quit)
This wand has no charges.
Unknown command.
The orc wizard points at you and mumbles some strange words.
The magic dart hits you!
Ouch! That really hurt!
You die...
Pakellas says: That's one more possible approach eliminated.

.........)o.....#
.................
.................
................#
........#oo.....#
........#......# #.#..#
........[.# #.#..#
####.....## #.#..#
##....@.# #.#..#
####.......# ###.#..#####
#........).####......#....
#.###.....(.##............
#. #######..†............
.. ###............. .##
#............. ##
#.............
#.............


You could see an orc wizard and an orc.

Vanquished Creatures
  2 adders (D:3)
  An ooze (D:2)
  A worm (D:2)
  A giant gecko (D:1)
  An orc (D:3)
  3 giant cockroaches
  4 hobgoblins
  2 jackals (D:2)
  A kobold (D:2)
  3 bats
  A giant newt (D:1)
  5 goblins
  7 rats
32 creatures vanquished.

Vanquished Creatures (collateral kills)
  A kobold (D:2)
1 creature vanquished.

Grand Total: 33 creatures vanquished

Notes
Turn   | Place    | Note
--------------------------------------------------------------
     0 | D:1      | Tarnath the Spriggan Artificer began the quest for the Orb.
     0 | D:1      | Reached XP level 1. HP: 9/9 MP: 4/4
   505 | D:1      | Found a glowing golden altar of the Shining One.
   576 | D:1      | Reached XP level 2. HP: 14/14 MP: 6/6
  1666 | D:2      | Found an opulent altar of Gozag.
  1667 | D:2      | Found a snail-covered altar of Cheibriados.
  1671 | D:2      | Found an oddly glowing altar of Pakellas.
  1680 | D:2      | Became a worshipper of Pakellas the Inventive
  1832 | D:2      | Reached XP level 3. HP: 17/17 MP: 7/7
  2108 | D:2      | Reached skill level 5 in Evocations
  2109 | D:2      | Found a stormy altar of Qazlal.
  2234 | D:3      | Killed from afar by an orc wizard

Vault maps used:
D:1:      onia_arrival_mini_maze, tso_metal_star
D:2:      lemuel_crystal_altar, grunt_temple_overflow_open, lemuel_round_altar
D:3:      uniq_iyjb

Skill      XL: |  1  2  3 |
---------------+----------+-----
Stealth        | 2 3 |  3.3
Evocations     | 5 |  5.3
Fighting       | |  0.7
Short Blades   | |  1.1
Dodging        | |  3.8

Action                   || total
-------------------------++-------
Melee: Short sword       ||    86
Evoke: Wand              ||    19
  Use: Scroll            ||     2
 Stab: Sleeping          ||     6
       Confused          ||     2
       Distracted        ||     1
Armor: Robe              ||     6
Dodge: Dodged            ||    65
